Connexion

TORONTO Maple Leafs vs CAROLINA Hurricanes

Created - 3 octobre 2023 at 07:52

Goals
1 2 3 OT1 SO T
TORONTO Maple Leafs 1 0 0 0 1 1
CAROLINA Hurricanes 1 0 0 0 2 2
Shots
1 2 3 OT1 SO T
TORONTO Maple Leafs 9 4 8 2 4 23
CAROLINA Hurricanes 6 5 10 0 4 21

GoalsPenalties
1st period
1. CAROLINA Hurricanes , Ryan Ellis 3 (James van Riemsdyk 6, Brett Pesce 14) at 9:15 (PP)
2. TORONTO Maple Leafs , Quinn Hughes 8 (Mason Marchment 5, Jake Muzzin 9) at 12:49 (PP)
Christopher Wagner (TOR) for Hooking (Minor) at 8:49
KAndre Miller (CAR) for Goalie Interference (Minor) at 12:31
2nd period
No Goal
Mason Marchment (TOR) for Cross-checking (Minor) at 0:12
Sebastian Aho (TOR) for Interference (Minor) at 6:19
3rd period
No Goal
Owen Power (CAR) for High sticking (Minor) at 7:59
Wayne Simmonds (CAR) for Tripping (Minor) at 11:55
Marcus Johansson (CAR) for Roughing (Minor) at 12:06
Mason Marchment (TOR) for Interference (Minor) at 12:06
Owen Power (CAR) for Hooking (Minor) at 18:22
Overtime #1
No Goal
Shootout
TORONTO Maple Leafs, Jordan Kyrou - Stopped by Ilya Samsonov
CAROLINA Hurricanes , Marcus Johansson - Shot Misses the Net
TORONTO Maple Leafs, Alex Debrincat - Goal!
CAROLINA Hurricanes , Wayne Simmonds - Goal!
TORONTO Maple Leafs, Mason Marchment - Stopped by Ilya Samsonov
CAROLINA Hurricanes , James van Riemsdyk - Stopped by Keith Kinkaid
TORONTO Maple Leafs, Jakub Vrana - Stopped by Ilya Samsonov
CAROLINA Hurricanes , Tyler Motte - Goal!
Goalie Stats
Keith Kinkaid (TOR), 20 saves from 21 shots - (0,952), OTL, 0-5-2, 65:00 minutes
Ilya Samsonov (CAR), 22 saves from 23 shots - (0,957), W, 12-8-0, 65:00 minutes
3 StarsOfficial
1 - Ilya Samsonov (CAR)
2 - Ryan Ellis (CAR)
3 - Keith Kinkaid (TOR)
Referees : Tim Peel and Chris Lee
Linesman : Steve Barton and Tony Sericolo
Game Note
Ryan Ellis is injured at 3:57 of 2nd period (Fractured Left Foot)
Finance
Level 1 -- Attendance: 6000 (100,00%) -- Ticket Income 720 000 $
Level 2 -- Attendance: 5680 (100,00%) -- Ticket Income 380 560 $
Level 3 -- Attendance: 2000 (100,00%) -- Ticket Income 90 000 $
Level 4 -- Attendance: 3310 (82,75%) -- Ticket Income 132 400 $
Luxury Box -- Attendance: 1000 (100,00%) -- Ticket Income 210 000 $
Game was played at the RBC Center.
Total Attendance: 17990 (96,31%)
Total Ticket Income: 1 532 960 $
Other Income: 306 592 $
Total Income: 1 839 552 $



Team Name Goals Shots Shots Attemp Shots Blocked PIM HIT PP PK FO%
TORONTO Maple Leafs 1235748251 / 4 (25%)145%
CAROLINA Hurricanes 221401210171 / 3 (33%)155%

TORONTO Maple Leafs
Player Name POS G A P +/- PIM HIT SHT SB MP PP MP PP SHT PK MP PK SHT FO% FOT
Alex DebrincatC/LW/RW0000021022:081:1903:020100% 1
Alex GoligoskiD0000011121:452:1702:0900% 0
Brady TkachukLW0000021015:330:0000:000100% 1
Brett GallantLW000000103:120:0000:000100% 1
Christopher WagnerC/RW0000202014:390:0000:28055% 11
Corey PerryRW0000002018:142:4610:00050% 6
Derick BrassardC/LW/RW000000004:000:0000:0000% 0
Dominik KahunC/LW/RW0000003013:380:0000:0000% 1
Drew DoughtyD0000011011:410:0000:0000% 0
Jack McbainC000002006:130:0000:01017% 6
Jacob MiddletonD0000030014:430:0000:5300% 0
Jake MuzzinD0110040128:511:4802:1500% 0
Jakub VranaLW/RW0000011020:411:1901:220100% 1
Jonathan HuberdeauC/LW0000031018:142:4600:0000% 2
Jordan KyrouC/RW0000022028:001:1903:02041% 34
Mason MarchmentC/LW0110421019:052:4500:53050% 22
Quinn HughesD1010004227:301:4832:1500% 0
Sebastian AhoD0000222020:482:1701:1600% 0
CAROLINA Hurricanes
Player Name POS G A P +/- PIM HIT SHT SB MP PP MP PP SHT PK MP PK SHT FO% FOT
Alexandre TexierC/LW000000007:020:0000:0000% 0
Blake LizotteC000000108:050:0000:18025% 4
Blake WheelerLW/RW0000000013:010:0001:0500% 1
Brandon SutterC/RW0000000020:132:0000:0000% 0
Brett PesceD0110003229:412:2903:5500% 0
Cam YorkD0000020219:170:0003:1300% 0
Connor DewarC000000006:180:0000:00070% 10
Curtis LazarC/LW/RW0000021012:400:0000:00055% 11
Esa LindellD0000000025:161:5503:2400% 0
James van RiemsdykLW/RW0110002019:162:2401:37075% 4
KAndre MillerD0000200119:330:5301:1900% 0
Marcus JohanssonC/LW/RW0000203227:182:2402:57057% 28
Owen PowerD0000430120:151:5500:3500% 0
Pontus AbergLW/RW0000003020:132:0000:000100% 1
Reese JohnsonC000000000:000:0000:0000% 0
Ryan EllisD1010003311:171:3630:0400% 0
Tyler MotteC/LW/RW0000041023:542:0001:57052% 25
Wayne SimmondsLW/RW0000264123:442:2402:2500% 2



Play-by-Play

1st period


0:01 of 1st period - Marcus Johansson wins face-off versus Jordan Kyrou in neutral zone.
1:12 of 1st period - Shot by Pontus Aberg.
1:12 of 1st period - Shot Misses the Net.
1:18 of 1st period - Shot by Pontus Aberg.
1:18 of 1st period - Stopped by Keith Kinkaid without a rebound.
1:19 of 1st period - Corey Perry wins face-off versus Curtis Lazar in TORONTO Maple Leafs zone.
1:36 of 1st period - Off-side.
1:37 of 1st period - Christopher Wagner wins face-off versus Tyler Motte in neutral zone.
1:48 of 1st period - Shot by Pontus Aberg.
1:48 of 1st period - Stopped by Keith Kinkaid without a rebound.
1:49 of 1st period - Connor Dewar wins face-off versus Mason Marchment in TORONTO Maple Leafs zone.
2:03 of 1st period - Icing by Corey Perry.
2:04 of 1st period - Mason Marchment wins face-off versus Tyler Motte in TORONTO Maple Leafs zone.
2:09 of 1st period - KAndre Miller is hit by Jonathan Huberdeau and loses puck.
2:40 of 1st period - Corey Perry is hit by Cam York and loses puck.
4:14 of 1st period - Shot by Jordan Kyrou.
4:14 of 1st period - Shot Misses the Net.
4:16 of 1st period - Shot by Jordan Kyrou.
4:16 of 1st period - Stopped by Ilya Samsonov without a rebound.
4:17 of 1st period - Jordan Kyrou wins face-off versus Tyler Motte in CAROLINA Hurricanes zone.
4:32 of 1st period - Shot by Pontus Aberg.
4:32 of 1st period - Shot Blocked by Quinn Hughes.
4:56 of 1st period - Shot by Brandon Sutter.
4:56 of 1st period - Shot Misses the Net.
5:27 of 1st period - Marcus Johansson is hit by Sebastian Aho and loses puck.
5:39 of 1st period - Wayne Simmonds is hit by Alex Goligoski and loses puck.
5:50 of 1st period - Shot by James van Riemsdyk.
5:50 of 1st period - Stopped by Keith Kinkaid with a rebound.
6:33 of 1st period - Owen Power is hit by Jacob Middleton and loses puck.
7:09 of 1st period - Icing by KAndre Miller.
7:10 of 1st period - Connor Dewar wins face-off versus Jordan Kyrou in CAROLINA Hurricanes zone.
7:12 of 1st period - Cam York is hit by Alex Debrincat and loses puck.
7:27 of 1st period - Shot by Jakub Vrana.
7:27 of 1st period - Stopped by Ilya Samsonov without a rebound.
7:28 of 1st period - Tyler Motte wins face-off versus Jack Mcbain in CAROLINA Hurricanes zone.
7:28 of 1st period - Tyler Motte is hit by Jack Mcbain.
7:54 of 1st period - Shot by Pontus Aberg.
7:54 of 1st period - Stopped by Keith Kinkaid with a rebound.
8:10 of 1st period - Shot by Pontus Aberg.
8:10 of 1st period - Deflect By Brandon Sutter.
8:10 of 1st period - Shot Misses the Net.
8:22 of 1st period - Shot by Curtis Lazar.
8:22 of 1st period - Stopped by Keith Kinkaid without a rebound.
8:23 of 1st period - Curtis Lazar wins face-off versus Corey Perry in TORONTO Maple Leafs zone.
8:43 of 1st period - Icing by Marcus Johansson.
8:44 of 1st period - Curtis Lazar wins face-off versus Dominik Kahun in CAROLINA Hurricanes zone.
8:44 of 1st period - Curtis Lazar is hit by Brady Tkachuk.
8:49 of 1st period - Minor Penalty to Christopher Wagner for Hooking.
8:50 of 1st period - Jordan Kyrou wins face-off versus Marcus Johansson in TORONTO Maple Leafs zone.
9:15 of 1st period - Shot by Ryan Ellis.
9:15 of 1st period - Goal by Ryan Ellis - TORONTO Maple Leafs : 0 - CAROLINA Hurricanes : 1.
9:16 of 1st period - Mason Marchment wins face-off versus Tyler Motte in neutral zone.
10:00 of 1st period - Icing by Jake Muzzin.
10:01 of 1st period - James van Riemsdyk wins face-off versus Mason Marchment in TORONTO Maple Leafs zone.
10:24 of 1st period - Marcus Johansson is hit by Jacob Middleton and loses puck.
10:43 of 1st period - Shot by Jordan Kyrou.
10:43 of 1st period - Shot Blocked by Ryan Ellis.
10:47 of 1st period - Shot by Jordan Kyrou.
10:47 of 1st period - Shot Misses the Net.
10:49 of 1st period - Shot by Drew Doughty.
10:49 of 1st period - Shot Blocked by Marcus Johansson.
10:51 of 1st period - Shot by Drew Doughty.
10:51 of 1st period - Stopped by Ilya Samsonov with a rebound.
10:53 of 1st period - Shot by Jacob Middleton.
10:53 of 1st period - Shot Blocked by Ryan Ellis.
11:00 of 1st period - Marcus Johansson is hit by Drew Doughty and loses puck.
11:51 of 1st period - Icing by Alex Goligoski.
11:52 of 1st period - Christopher Wagner wins face-off versus Curtis Lazar in TORONTO Maple Leafs zone.
12:14 of 1st period - Icing by Cam York.
12:15 of 1st period - Corey Perry wins face-off versus Curtis Lazar in CAROLINA Hurricanes zone.
12:31 of 1st period - Minor Penalty to KAndre Miller for Goalie Interference.
12:32 of 1st period - Marcus Johansson wins face-off versus Mason Marchment in CAROLINA Hurricanes zone.
12:47 of 1st period - Shot by Quinn Hughes.
12:47 of 1st period - Shot Misses the Net.
12:49 of 1st period - Shot by Quinn Hughes.
12:49 of 1st period - Goal by Quinn Hughes - TORONTO Maple Leafs : 1 - CAROLINA Hurricanes : 1.
12:50 of 1st period - Tyler Motte wins face-off versus Jack Mcbain in neutral zone.
12:53 of 1st period - Jordan Kyrou is hit by Tyler Motte.
12:58 of 1st period - Off-side.
12:59 of 1st period - Tyler Motte wins face-off versus Jordan Kyrou in neutral zone.
13:02 of 1st period - Alex Debrincat is hit by Tyler Motte and loses puck.
13:56 of 1st period - Icing by Ryan Ellis.
13:57 of 1st period - Tyler Motte wins face-off versus Mason Marchment in CAROLINA Hurricanes zone.
13:57 of 1st period - Ryan Ellis is hit by Mason Marchment and loses puck.
14:32 of 1st period - Shot by Corey Perry.
14:32 of 1st period - Shot Misses the Net.
14:37 of 1st period - Wayne Simmonds is hit by Jonathan Huberdeau and loses puck.
15:27 of 1st period - Blake Wheeler is hit by Brady Tkachuk.
15:28 of 1st period - Icing by Blake Wheeler.
15:29 of 1st period - Curtis Lazar wins face-off versus Jordan Kyrou in CAROLINA Hurricanes zone.
15:41 of 1st period - Shot by Jordan Kyrou.
15:41 of 1st period - Deflect By Alex Debrincat.
15:41 of 1st period - Shot Misses the Net.
16:25 of 1st period - Shot by Jonathan Huberdeau.
16:25 of 1st period - Shot Misses the Net.
16:57 of 1st period - Shot by Mason Marchment.
16:57 of 1st period - Shot Blocked by KAndre Miller.
16:59 of 1st period - Shot by Mason Marchment.
16:59 of 1st period - Shot Misses the Net.
17:01 of 1st period - Shot by Sebastian Aho.
17:01 of 1st period - Stopped by Ilya Samsonov without a rebound.
17:02 of 1st period - Christopher Wagner wins face-off versus Marcus Johansson in CAROLINA Hurricanes zone.
17:17 of 1st period - Shot by Dominik Kahun.
17:17 of 1st period - Stopped by Ilya Samsonov with a rebound.
17:19 of 1st period - Shot by Christopher Wagner.
17:19 of 1st period - Shot Misses the Net.
17:21 of 1st period - Shot by Dominik Kahun.
17:21 of 1st period - Shot Misses the Net.
17:23 of 1st period - Shot by Dominik Kahun.
17:23 of 1st period - Shot Blocked by Wayne Simmonds.
17:25 of 1st period - Shot by Drew Doughty.
17:25 of 1st period - Shot Blocked by Brett Pesce.
17:27 of 1st period - Shot by Christopher Wagner.
17:27 of 1st period - Stopped by Ilya Samsonov without a rebound.
17:28 of 1st period - Tyler Motte wins face-off versus Jordan Kyrou in CAROLINA Hurricanes zone.
17:28 of 1st period - Tyler Motte is hit by Jordan Kyrou.
17:34 of 1st period - Jake Muzzin is hit by Tyler Motte and loses puck.
17:40 of 1st period - Icing by Quinn Hughes.
17:41 of 1st period - Jordan Kyrou wins face-off versus Wayne Simmonds in TORONTO Maple Leafs zone.
17:41 of 1st period - Jordan Kyrou is hit by Wayne Simmonds.
18:08 of 1st period - Shot by Alex Debrincat.
18:08 of 1st period - Stopped by Ilya Samsonov without a rebound.
18:09 of 1st period - Tyler Motte wins face-off versus Jonathan Huberdeau in CAROLINA Hurricanes zone.
18:26 of 1st period - Shot by Jonathan Huberdeau.
18:26 of 1st period - Stopped by Ilya Samsonov without a rebound.
18:27 of 1st period - Marcus Johansson wins face-off versus Jack Mcbain in CAROLINA Hurricanes zone.
18:27 of 1st period - Marcus Johansson is hit by Jack Mcbain.
18:33 of 1st period - Quinn Hughes is hit by Wayne Simmonds and loses puck.
19:04 of 1st period - Shot by Quinn Hughes.
19:04 of 1st period - Shot Misses the Net.
19:39 of 1st period - Icing by Esa Lindell.
19:40 of 1st period - Christopher Wagner wins face-off versus Tyler Motte in CAROLINA Hurricanes zone.
Goals for this period are 1 for TORONTO Maple Leafs vs 1 for CAROLINA Hurricanes .
Shots for this period are 9 for TORONTO Maple Leafs vs 6 for CAROLINA Hurricanes .

2nd period


0:01 of 2nd period - Marcus Johansson wins face-off versus Jordan Kyrou in neutral zone.
0:11 of 2nd period - Off-side.
0:12 of 2nd period - Connor Dewar wins face-off versus Mason Marchment in neutral zone.
0:12 of 2nd period - Minor Penalty to Mason Marchment for Cross-checking.
0:13 of 2nd period - Marcus Johansson wins face-off versus Jordan Kyrou in TORONTO Maple Leafs zone.
0:16 of 2nd period - Shot by Ryan Ellis.
0:16 of 2nd period - Stopped by Keith Kinkaid without a rebound.
0:17 of 2nd period - James van Riemsdyk wins face-off versus Jordan Kyrou in TORONTO Maple Leafs zone.
0:28 of 2nd period - Shot by Ryan Ellis.
0:28 of 2nd period - Stopped by Keith Kinkaid without a rebound.
0:29 of 2nd period - Tyler Motte wins face-off versus Jordan Kyrou in TORONTO Maple Leafs zone.
0:47 of 2nd period - Brett Pesce is hit by Alex Debrincat and loses puck.
2:31 of 2nd period - Icing by Alexandre Texier.
2:32 of 2nd period - Christopher Wagner wins face-off versus Connor Dewar in CAROLINA Hurricanes zone.
2:49 of 2nd period - Shot by Dominik Kahun.
2:49 of 2nd period - Stopped by Ilya Samsonov without a rebound.
2:50 of 2nd period - Mason Marchment wins face-off versus Tyler Motte in CAROLINA Hurricanes zone.
2:55 of 2nd period - Shot by Mason Marchment.
2:55 of 2nd period - Shot Misses the Net.
3:00 of 2nd period - Off-side.
3:01 of 2nd period - Marcus Johansson wins face-off versus Christopher Wagner in neutral zone.
3:13 of 2nd period - Icing by Brett Pesce.
3:14 of 2nd period - Marcus Johansson wins face-off versus Jordan Kyrou in CAROLINA Hurricanes zone.
3:57 of 2nd period - Shot by Alex Debrincat.
3:57 of 2nd period - Shot Blocked by Ryan Ellis.
3:57 of 2nd period - Ryan Ellis from CAROLINA Hurricanes is injured at 3:57 of 2nd period (Fractured Left Foot).
3:58 of 2nd period - Tyler Motte wins face-off versus Mason Marchment in CAROLINA Hurricanes zone.
3:58 of 2nd period - Tyler Motte is hit by Jonathan Huberdeau.
4:03 of 2nd period - Owen Power is hit by Jake Muzzin and loses puck.
4:20 of 2nd period - Shot by Pontus Aberg.
4:20 of 2nd period - Shot Misses the Net.
4:33 of 2nd period - Jake Muzzin is hit by Owen Power and loses puck.
5:14 of 2nd period - Shot by Christopher Wagner.
5:14 of 2nd period - Stopped by Ilya Samsonov without a rebound.
5:15 of 2nd period - Connor Dewar wins face-off versus Jordan Kyrou in CAROLINA Hurricanes zone.
5:20 of 2nd period - KAndre Miller is hit by Jakub Vrana and loses puck.
5:33 of 2nd period - Shot by Wayne Simmonds.
5:33 of 2nd period - Stopped by Keith Kinkaid without a rebound.
5:34 of 2nd period - Brady Tkachuk wins face-off versus Curtis Lazar in TORONTO Maple Leafs zone.
5:48 of 2nd period - Icing by Brett Pesce.
5:49 of 2nd period - Curtis Lazar wins face-off versus Jordan Kyrou in CAROLINA Hurricanes zone.
6:13 of 2nd period - Brett Pesce is hit by Sebastian Aho and loses puck.
6:19 of 2nd period - Minor Penalty to Sebastian Aho for Interference.
6:20 of 2nd period - Pontus Aberg wins face-off versus Jordan Kyrou in TORONTO Maple Leafs zone.
6:27 of 2nd period - Shot by Brandon Sutter.
6:27 of 2nd period - Shot Blocked by Quinn Hughes.
6:33 of 2nd period - Shot by Owen Power.
6:33 of 2nd period - Shot Misses the Net.
6:51 of 2nd period - Shot by Pontus Aberg.
6:51 of 2nd period - Shot Blocked by Jake Muzzin.
7:16 of 2nd period - Icing by Marcus Johansson.
7:17 of 2nd period - Marcus Johansson wins face-off versus Mason Marchment in CAROLINA Hurricanes zone.
7:26 of 2nd period - Alex Goligoski is hit by Wayne Simmonds.
8:53 of 2nd period - Shot by Sebastian Aho.
8:53 of 2nd period - Stopped by Ilya Samsonov without a rebound.
8:54 of 2nd period - Tyler Motte wins face-off versus Jack Mcbain in CAROLINA Hurricanes zone.
9:06 of 2nd period - Tyler Motte is hit by Jake Muzzin and loses puck.
9:20 of 2nd period - Off-side.
9:21 of 2nd period - Mason Marchment wins face-off versus Curtis Lazar in neutral zone.
9:56 of 2nd period - Shot by Cam York.
9:56 of 2nd period - Shot Misses the Net.
10:59 of 2nd period - Icing by Jake Muzzin.
11:00 of 2nd period - Jordan Kyrou wins face-off versus Connor Dewar in TORONTO Maple Leafs zone.
11:08 of 2nd period - Icing by Jake Muzzin.
11:09 of 2nd period - Marcus Johansson wins face-off versus Jordan Kyrou in TORONTO Maple Leafs zone.
11:09 of 2nd period - Marcus Johansson is hit by Jake Muzzin.
11:15 of 2nd period - Shot by Marcus Johansson.
11:15 of 2nd period - Stopped by Keith Kinkaid without a rebound.
11:16 of 2nd period - Marcus Johansson wins face-off versus Christopher Wagner in TORONTO Maple Leafs zone.
11:29 of 2nd period - Shot by James van Riemsdyk.
11:29 of 2nd period - Stopped by Keith Kinkaid with a rebound.
11:57 of 2nd period - Shot by Christopher Wagner.
11:57 of 2nd period - Deflect By Dominik Kahun.
11:57 of 2nd period - Stopped by Ilya Samsonov with a rebound.
12:23 of 2nd period - Shot by Tyler Motte.
12:23 of 2nd period - Shot Misses the Net.
13:12 of 2nd period - Sebastian Aho is hit by Curtis Lazar and loses puck.
13:18 of 2nd period - Icing by Alex Goligoski.
13:19 of 2nd period - Christopher Wagner wins face-off versus Connor Dewar in TORONTO Maple Leafs zone.
13:47 of 2nd period - Shot by Wayne Simmonds.
13:47 of 2nd period - Shot Misses the Net.
15:00 of 2nd period - Shot by Mason Marchment.
15:00 of 2nd period - Shot Blocked by Cam York.
16:21 of 2nd period - Shot by Curtis Lazar.
16:21 of 2nd period - Shot Misses the Net.
16:38 of 2nd period - Icing by Brett Pesce.
16:39 of 2nd period - Jordan Kyrou wins face-off versus Tyler Motte in CAROLINA Hurricanes zone.
17:39 of 2nd period - Off-side.
17:40 of 2nd period - Marcus Johansson wins face-off versus Mason Marchment in neutral zone.
18:28 of 2nd period - Off-side.
18:29 of 2nd period - Connor Dewar wins face-off versus Christopher Wagner in neutral zone.
19:00 of 2nd period - Quinn Hughes is hit by Wayne Simmonds and loses puck.
Goals for this period are 0 for TORONTO Maple Leafs vs 0 for CAROLINA Hurricanes .
Shots for this period are 4 for TORONTO Maple Leafs vs 5 for CAROLINA Hurricanes .

3rd period


0:01 of 3rd period - Marcus Johansson wins face-off versus Jordan Kyrou in neutral zone.
0:05 of 3rd period - Off-side.
0:06 of 3rd period - Marcus Johansson wins face-off versus Jordan Kyrou in neutral zone.
0:17 of 3rd period - Shot by Wayne Simmonds.
0:17 of 3rd period - Stopped by Keith Kinkaid without a rebound.
0:18 of 3rd period - Tyler Motte wins face-off versus Mason Marchment in TORONTO Maple Leafs zone.
0:42 of 3rd period - Off-side.
0:43 of 3rd period - James van Riemsdyk wins face-off versus Jordan Kyrou in neutral zone.
0:58 of 3rd period - Shot by Brett Pesce.
0:58 of 3rd period - Shot Misses the Net.
1:00 of 3rd period - Shot by Brett Pesce.
1:00 of 3rd period - Stopped by Keith Kinkaid without a rebound.
1:01 of 3rd period - Mason Marchment wins face-off versus Tyler Motte in TORONTO Maple Leafs zone.
1:08 of 3rd period - Icing by Tyler Motte.
1:09 of 3rd period - Jordan Kyrou wins face-off versus Tyler Motte in CAROLINA Hurricanes zone.
1:52 of 3rd period - Shot by Jakub Vrana.
1:52 of 3rd period - Shot Blocked by Owen Power.
2:16 of 3rd period - Shot by James van Riemsdyk.
2:16 of 3rd period - Deflect By Wayne Simmonds.
2:16 of 3rd period - Stopped by Keith Kinkaid with a rebound.
2:40 of 3rd period - Shot by Wayne Simmonds.
2:40 of 3rd period - Stopped by Keith Kinkaid without a rebound.
2:41 of 3rd period - Curtis Lazar wins face-off versus Christopher Wagner in TORONTO Maple Leafs zone.
2:48 of 3rd period - Drew Doughty is hit by Curtis Lazar and loses puck.
3:15 of 3rd period - Off-side.
3:16 of 3rd period - Tyler Motte wins face-off versus Mason Marchment in neutral zone.
3:39 of 3rd period - Shot by Tyler Motte.
3:39 of 3rd period - Shot Misses the Net.
3:55 of 3rd period - Shot by Tyler Motte.
3:55 of 3rd period - Stopped by Keith Kinkaid without a rebound.
3:56 of 3rd period - Connor Dewar wins face-off versus Jordan Kyrou in TORONTO Maple Leafs zone.
3:56 of 3rd period - Connor Dewar is hit by Jake Muzzin.
4:05 of 3rd period - Off-side.
4:06 of 3rd period - Jakub Vrana wins face-off versus Wayne Simmonds in neutral zone.
5:29 of 3rd period - Icing by Jake Muzzin.
5:30 of 3rd period - Jordan Kyrou wins face-off versus Tyler Motte in TORONTO Maple Leafs zone.
5:30 of 3rd period - Jordan Kyrou is hit by Tyler Motte.
5:50 of 3rd period - Shot by Brett Pesce.
5:50 of 3rd period - Stopped by Keith Kinkaid without a rebound.
5:51 of 3rd period - Mason Marchment wins face-off versus Marcus Johansson in TORONTO Maple Leafs zone.
6:08 of 3rd period - Shot by Marcus Johansson.
6:08 of 3rd period - Stopped by Keith Kinkaid without a rebound.
6:09 of 3rd period - Tyler Motte wins face-off versus Christopher Wagner in TORONTO Maple Leafs zone.
6:09 of 3rd period - Brandon Sutter is hit by Jacob Middleton and loses puck.
6:29 of 3rd period - Shot by Brett Pesce.
6:29 of 3rd period - Stopped by Keith Kinkaid without a rebound.
6:30 of 3rd period - Mason Marchment wins face-off versus Marcus Johansson in TORONTO Maple Leafs zone.
6:34 of 3rd period - Icing by Sebastian Aho.
6:35 of 3rd period - Marcus Johansson wins face-off versus Corey Perry in TORONTO Maple Leafs zone.
6:48 of 3rd period - Shot by KAndre Miller.
6:48 of 3rd period - Shot Blocked by Alex Goligoski.
6:51 of 3rd period - Icing by Corey Perry.
6:52 of 3rd period - Mason Marchment wins face-off versus Tyler Motte in TORONTO Maple Leafs zone.
7:15 of 3rd period - Shot by Corey Perry.
7:15 of 3rd period - Stopped by Ilya Samsonov without a rebound.
7:16 of 3rd period - Jordan Kyrou wins face-off versus Marcus Johansson in CAROLINA Hurricanes zone.
7:31 of 3rd period - Quinn Hughes is hit by Wayne Simmonds and loses puck.
7:43 of 3rd period - Jordan Kyrou is hit by Owen Power and loses puck.
7:59 of 3rd period - Minor Penalty to Owen Power for High sticking.
8:00 of 3rd period - Corey Perry wins face-off versus Marcus Johansson in CAROLINA Hurricanes zone.
8:00 of 3rd period - Corey Perry is hit by Cam York.
9:18 of 3rd period - Icing by Jakub Vrana.
9:19 of 3rd period - Jordan Kyrou wins face-off versus Marcus Johansson in TORONTO Maple Leafs zone.
9:26 of 3rd period - Shot by Jordan Kyrou.
9:26 of 3rd period - Shot Misses the Net.
10:38 of 3rd period - Shot by Drew Doughty.
10:38 of 3rd period - Shot Misses the Net.
11:55 of 3rd period - Minor Penalty to Wayne Simmonds for Tripping.
11:56 of 3rd period - Mason Marchment wins face-off versus Marcus Johansson in CAROLINA Hurricanes zone.
12:06 of 3rd period - Minor Penalty to Marcus Johansson for Roughing.
12:06 of 3rd period - Minor Penalty to Mason Marchment for Interference.
12:07 of 3rd period - Alex Debrincat wins face-off versus Blake Lizotte in neutral zone.
13:14 of 3rd period - Icing by Alex Goligoski.
13:15 of 3rd period - Brett Gallant wins face-off versus Blake Wheeler in TORONTO Maple Leafs zone.
13:59 of 3rd period - Shot by Blake Lizotte.
13:59 of 3rd period - Stopped by Keith Kinkaid without a rebound.
14:00 of 3rd period - Jordan Kyrou wins face-off versus Blake Lizotte in TORONTO Maple Leafs zone.
15:16 of 3rd period - Shot by Marcus Johansson.
15:16 of 3rd period - Stopped by Keith Kinkaid with a rebound.
15:18 of 3rd period - Shot by Owen Power.
15:18 of 3rd period - Shot Misses the Net.
15:20 of 3rd period - Shot by Wayne Simmonds.
15:20 of 3rd period - Shot Misses the Net.
16:15 of 3rd period - Icing by Pontus Aberg.
16:16 of 3rd period - Jordan Kyrou wins face-off versus Tyler Motte in CAROLINA Hurricanes zone.
16:38 of 3rd period - Icing by Brett Pesce.
16:39 of 3rd period - Tyler Motte wins face-off versus Mason Marchment in CAROLINA Hurricanes zone.
16:51 of 3rd period - Shot by Mason Marchment.
16:51 of 3rd period - Shot Blocked by Brett Pesce.
16:57 of 3rd period - Shot by Mason Marchment.
16:57 of 3rd period - Stopped by Ilya Samsonov without a rebound.
16:58 of 3rd period - Connor Dewar wins face-off versus Jordan Kyrou in CAROLINA Hurricanes zone.
17:07 of 3rd period - Jakub Vrana is hit by Wayne Simmonds and loses puck.
17:18 of 3rd period - Shot by Jordan Kyrou.
17:18 of 3rd period - Stopped by Ilya Samsonov without a rebound.
17:19 of 3rd period - Curtis Lazar wins face-off versus Jonathan Huberdeau in CAROLINA Hurricanes zone.
17:19 of 3rd period - Owen Power is hit by Mason Marchment.
17:23 of 3rd period - Shot by Quinn Hughes.
17:23 of 3rd period - Stopped by Ilya Samsonov without a rebound.
17:24 of 3rd period - Jordan Kyrou wins face-off versus Marcus Johansson in CAROLINA Hurricanes zone.
18:06 of 3rd period - Icing by Owen Power.
18:07 of 3rd period - Marcus Johansson wins face-off versus Corey Perry in CAROLINA Hurricanes zone.
18:15 of 3rd period - Mason Marchment is hit by Owen Power and loses puck.
18:20 of 3rd period - Shot by Mason Marchment.
18:20 of 3rd period - Shot Misses the Net.
18:22 of 3rd period - Shot by Alex Goligoski.
18:22 of 3rd period - Stopped by Ilya Samsonov without a rebound.
18:22 of 3rd period - Minor Penalty to Owen Power for Hooking.
18:23 of 3rd period - Mason Marchment wins face-off versus Marcus Johansson in CAROLINA Hurricanes zone.
18:40 of 3rd period - Shot by Corey Perry.
18:40 of 3rd period - Shot Blocked by Cam York.
18:42 of 3rd period - Shot by Mason Marchment.
18:42 of 3rd period - Shot Blocked by Marcus Johansson.
18:50 of 3rd period - Shot by Mason Marchment.
18:50 of 3rd period - Shot Misses the Net.
18:52 of 3rd period - Shot by Corey Perry.
18:52 of 3rd period - Stopped by Ilya Samsonov without a rebound.
18:53 of 3rd period - Jordan Kyrou wins face-off versus James van Riemsdyk in CAROLINA Hurricanes zone.
18:56 of 3rd period - Shot by Jordan Kyrou.
18:56 of 3rd period - Shot Misses the Net.
19:04 of 3rd period - Shot by Quinn Hughes.
19:04 of 3rd period - Stopped by Ilya Samsonov with a rebound.
19:18 of 3rd period - Shot by Quinn Hughes.
19:18 of 3rd period - Stopped by Ilya Samsonov without a rebound.
19:19 of 3rd period - Mason Marchment wins face-off versus Marcus Johansson in CAROLINA Hurricanes zone.
19:58 of 3rd period - Shot by Sebastian Aho.
19:58 of 3rd period - Shot Misses the Net.
Goals for this period are 0 for TORONTO Maple Leafs vs 0 for CAROLINA Hurricanes .
Shots for this period are 8 for TORONTO Maple Leafs vs 10 for CAROLINA Hurricanes .

Overtime #1


0:01 of 1st overtime period - Marcus Johansson wins face-off versus Jordan Kyrou in neutral zone.
0:01 of 1st overtime period - Cam York is hit by Jordan Kyrou.
0:06 of 1st overtime period - Off-side.
0:07 of 1st overtime period - Jordan Kyrou wins face-off versus Marcus Johansson in neutral zone.
0:30 of 1st overtime period - Shot by Brett Gallant.
0:30 of 1st overtime period - Shot Misses the Net.
0:43 of 1st overtime period - Shot by Brett Gallant.
0:43 of 1st overtime period - Stopped by Ilya Samsonov without a rebound.
0:44 of 1st overtime period - Blake Lizotte wins face-off versus Jack Mcbain in CAROLINA Hurricanes zone.
1:08 of 1st overtime period - Icing by Jacob Middleton.
1:09 of 1st overtime period - Jack Mcbain wins face-off versus Blake Lizotte in TORONTO Maple Leafs zone.
1:37 of 1st overtime period - Shot by James van Riemsdyk.
1:37 of 1st overtime period - Shot Misses the Net.
3:03 of 1st overtime period - Shot by Brady Tkachuk.
3:03 of 1st overtime period - Shot Misses the Net.
3:05 of 1st overtime period - Shot by Brady Tkachuk.
3:05 of 1st overtime period - Shot Misses the Net.
3:11 of 1st overtime period - Shot by Jordan Kyrou.
3:11 of 1st overtime period - Shot Misses the Net.
3:13 of 1st overtime period - Shot by Brady Tkachuk.
3:13 of 1st overtime period - Stopped by Ilya Samsonov with a rebound.
3:41 of 1st overtime period - Shot by Jakub Vrana.
3:41 of 1st overtime period - Shot Misses the Net.
4:59 of 1st overtime period - Shot by Curtis Lazar.
4:59 of 1st overtime period - Shot Hit the Post.
Goals for this period are 0 for TORONTO Maple Leafs vs 0 for CAROLINA Hurricanes .
Shots for this period are 2 for TORONTO Maple Leafs vs 0 for CAROLINA Hurricanes .

ShootOut


5:00 of 1st overtime period - Round #1.
5:00 of 1st overtime period - TORONTO Maple Leafs, Jordan Kyrou.
5:00 of 1st overtime period - Stopped by Ilya Samsonov.
5:00 of 1st overtime period - CAROLINA Hurricanes , Marcus Johansson.
5:00 of 1st overtime period - Shot Misses the Net.
5:00 of 1st overtime period - Round #2.
5:00 of 1st overtime period - TORONTO Maple Leafs, Alex Debrincat.
5:00 of 1st overtime period - Goal by Alex Debrincat.
5:00 of 1st overtime period - CAROLINA Hurricanes , Wayne Simmonds.
5:00 of 1st overtime period - Goal by Wayne Simmonds.
5:00 of 1st overtime period - Round #3.
5:00 of 1st overtime period - TORONTO Maple Leafs, Mason Marchment.
5:00 of 1st overtime period - Stopped by Ilya Samsonov.
5:00 of 1st overtime period - CAROLINA Hurricanes , James van Riemsdyk.
5:00 of 1st overtime period - Stopped by Keith Kinkaid.
5:00 of 1st overtime period - Round #4.
5:00 of 1st overtime period - TORONTO Maple Leafs, Jakub Vrana.
5:00 of 1st overtime period - Stopped by Ilya Samsonov.
5:00 of 1st overtime period - CAROLINA Hurricanes , Tyler Motte.
5:00 of 1st overtime period - Goal by Tyler Motte.